 Dungeon Crawl Stone Soup version 0.27-b1-42-g19c61b19a5 (webtiles) character file.

Game seed: 13696370592073612416

16 Acheron the Grave Robber (level 2, -1/19 HPs)
             Began as a Mummy Necromancer on July 30, 2021.
             Slain by a jackal (2 damage)
             ... on level 1 of the Dungeon.
             The game lasted 00:04:45 (685 turns).

Acheron the Grave Robber (Mummy Necromancer)         Turns: 685, Time: 00:04:46

Health: -1/19      AC:  3    Str: 11    XL:     2   Next: 41%
Magic:  0/6        EV: 12    Int: 14    God:
Gold:   35         SH:  0    Dex: 12    Spells: 5/7 levels left

rFire    x . .     SeeInvis .   c - +0 whip
rCold    + . .     Faith    .   (no shield)
rNeg     + + +     Spirit   .   a - +0 robe
rPois    ∞         Reflect  .   f - +0 helmet
rElec    .         Harm     .   (no cloak)
rCorr    .         Rampage  .   (no gloves)
Will     .....                  (no boots)
Stlth    ++........             (no amulet)
HPRegen  0.06/turn              (no ring)
MPRegen  0.10/turn              (no ring)

@: no status effects
A: cold resistance 1, negative energy resistance 3, torment resistance 2, heat
vulnerability 1, no potions
a: no special abilities


You were on level 1 of the Dungeon.
You visited 1 branch of the dungeon, and saw 1 of its levels.

You collected 35 gold pieces.

Inventory:

Hand Weapons
 c - a +0 whip (weapon)
Missiles
 d - 25 stones
Armour
 a - a +0 robe (worn)
 f - a +0 helmet (worn)
Scrolls
 b - a scroll of enchant weapon {unknown}
Potions
 e - 3 potions of flight {unknown}
 g - a potion of degeneration {unknown}


   Skills:
 * Level 0.3 Fighting
 * Level 1.8 Dodging
 * Level 1.7 Stealth
 * Level 3.1 Spellcasting
 + Level 4.2 Necromancy


You had 5 spell levels left.
You knew the following spells:

 Your Spells              Type           Power      Damage    Failure   Level
a - Pain                  Necr           52%        1d6       3%          1
b - Animate Skeleton      Necr           26%        N/A       3%          1

Your spell library contained the following spells:

 Spells                   Type           Power      Damage    Failure   Level
 Vampiric Draining        Necr           6%         2d6       12%         3
 Animate Dead             Necr           6%         N/A       36%         4
 Agony                    Necr           13%        N/A       71%         5


Dungeon Overview and Level Annotations

Branches:
Dungeon (1/15)

Altars:


Innate Abilities, Weirdness & Mutations

You are immune to poison.
Your flesh is cold resistant. (rC+)
You are immune to negative energy. (rN+++)
You are immune to unholy pain and torment.
You are vulnerable to heat. (rF-)
You do not drink.


Message History

Press: ? - help, Shift-Dir - straight line, f/p - jackal
Aim: a jackal (lightly wounded, chance to affect: 83%)
The jackal writhes in agony.
The jackal barely misses you.
You barely miss the jackal.
The jackal is almost dead.
The jackal bites you but does no damage.
The jackal closely misses you.
You closely miss the jackal.
The jackal is almost dead.
The jackal bites you.
* * * LOW HITPOINT WARNING * * *
You barely miss the jackal.
The jackal is almost dead.
The jackal bites you.
* * * LOW HITPOINT WARNING * * *
The jackal bites you.
* * * LOW HITPOINT WARNING * * *
You closely miss the jackal.
The jackal is almost dead.
The jackal bites you but does no damage. x2
You barely miss the jackal.
The jackal is almost dead.
The jackal barely misses you.
You hit the jackal.
You kill the jackal!
Casting: Pain (safe; 3% risk of failure)
Confirm with . or Enter, or press ? or * to list all spells.
Aiming: Pain (safe; 3% risk of failure)
Press: ? - help, Shift-Dir - straight line, f - jackal
Aim: a jackal (chance to affect: 83%)
The jackal writhes in agony.
The jackal closely misses you. The jackal bites you.
* * * LOW HITPOINT WARNING * * *
You hit the jackal.
The jackal is severely wounded.
The jackal barely misses you.
You closely miss the jackal.
The jackal is severely wounded.
The jackal bites you.
You die...

# ##.###..................
####.# #..................
.....# #..................
.....# #........##'######
.....# #######..##.# ..†..#
##.##.# .....# #..#.#
.....# ##.#.# .....#
#@#.######## .....#
#h#.#......h
.....###########...#......h
.....(........###..#.$.....
####..........# #..+.$..h..
#..........###..#.......
............h.............
.....######.........#.###.
...h. #.........#.#


You could see a jackal.

Vanquished Creatures
  A dart slug (D:1)
  2 ball pythons (D:1)
  A bat (D:1)
  2 hobgoblins (D:1)
  3 jackals (D:1)
  A quokka (D:1)
  A frilled lizard (D:1)
  A kobold (D:1)
12 creatures vanquished.

Notes
Turn   | Place    | Note
-------+----------+-------------------------------------------
     0 | D:1      | Acheron the Mummy Necromancer began the quest for the Orb.
     0 | D:1      | Reached XP level 1. HP: 13/13 MP: 4/4
   353 | D:1      | Reached XP level 2. HP: 19/19 MP: 1/5
   615 | D:1      | Learned a level 1 spell: Animate Skeleton
   685 | D:1      | Slain by a jackal

Illustrated notes

Levels and vault maps discovered:
D:1:      dpeg_arrival_round_b, layout_basic, minmay_misc_feat_hallway

Skill      XL: |  1  2 |
---------------+-------+-----
Spellcasting   | 3 |  3.1
Fighting       | |  0.3
Dodging        | |  1.8
Stealth        | |  1.7
Necromancy     | |  4.2

Action                   || total
-------------------------++-------
Melee: Whip              ||    29
 Cast: Pain              ||    28
Armor: Robe              ||    13
Dodge: Dodged            ||    23
